 Dungeon Crawl Stone Soup version 0.23-a0-8-gb809bb7 (webtiles) character file.

21 Gorice the Firebug (level 2, 0/15 HPs)
             Began as a Deep Elf Fire Elementalist on Aug 1, 2018.
             Succumbed to a kobold's poison
             ... on level 1 of the Dungeon.
             The game lasted 00:02:39 (750 turns).

Gorice the Firebug (Deep Elf Fire Elementalist)      Turns: 750, Time: 00:02:40

Health: 0/15       AC:  2    Str:  5    XL:     2   Next: 62%
Magic:  4/8        EV: 13    Int: 19    God:
Gold:   21         SH:  0    Dex: 15    Spells: 4/7 levels left

rFire    . . .     SeeInvis .   (no weapon)
rCold    . . .     Gourm    .   (no shield)
rNeg     . . .     Faith    .   a - +0 robe
rPois    .         Spirit   .   (no helmet)
rElec    .         Reflect  .   (no cloak)
rCorr    .         Harm     .   (no gloves)
MR       .....                  (no boots)
Stlth    ++........             (no amulet)
HPRegen  0.05/turn              (no ring)
MPRegen  0.11/turn              (no ring)

@: lethally poisoned (0 -> -6)
A: no striking features
a: no special abilities


You were on level 1 of the Dungeon.
You were not hungry.

You visited 1 branch of the dungeon, and saw 1 of its levels.

You collected 21 gold pieces.

Inventory:

Hand Weapons
 e - a +0 dagger of venom
   (You took it off a kobold on level 1 of the Dungeon)
Missiles
 Y - 53 stones (quivered)
Armour
 a - a +0 robe (worn)
Scrolls
 d - a scroll of fog {unknown}
Comestibles
 b - 3 chunks of flesh
 c - 4 rations


   Skills:
 - Level 2.4 Dodging
 - Level 2.4 Stealth
 - Level 3.0 Spellcasting
 * Level 3.0 Conjurations
 - Level 3.2 Fire Magic


You had 4 spell levels left.
You knew the following spells:

 Your Spells              Type           Power        Failure   Level  Hunger
a - Flame Tongue          Conj/Fire      ##...        4%          1    None
b - Throw Flame           Conj/Fire      ##....       6%          2    ##.....

Your spell library contained the following spells:

 Spells                   Type           Power        Failure   Level  Hunger
 Fireball                 Conj/Fire      ##........   75%         5    ######.
 Conjure Flame            Conj/Fire      ##......     13%         3    ###....
 Sticky Flame             Conj/Fire      ##......     38%         4    ####...
 Inner Flame              Hex/Fire       #.......     24%         3    ###....


Dungeon Overview and Level Annotations

Branches:
Dungeon (1/15)

Altars:


Message History

You kill the kobold!
Your Conjurations skill increases to level 3!
You feel sick.
Damage: 1 (max 4)
Casting: Flame Tongue (safe; 4% risk of failure)
Confirm with . or Enter, or press ? or * to list all spells.
You can't see any susceptible monsters within range! (Use Z to cast anyway.) Unknown command.
* * * LOW HITPOINT WARNING * * *
You feel sick.
You see here a dagger of venom.
Damage: 1 (max 4)
e - a dagger of venom
* * * LOW HITPOINT WARNING * * *
You feel sick.
Damage: 1 (max 4) Unknown command.
Unknown command.
There are no items here.
There are no items here.
There are no items here.
There are no items here.
You aren't carrying any potions.
You aren't carrying any potions.
* * * LOW HITPOINT WARNING * * *
You feel sick.
Damage: 1 (max 4)
Found a ration.
* * * LOW HITPOINT WARNING * * *
You feel sick.
Things that are here:
a short sword; a kobold corpse; Damage: 1 (max 4)
* * * LOW HITPOINT WARNING * * *
You feel sick.
Damage: 1 (max 4)
* * * LOW HITPOINT WARNING * * *
You feel sick.
Damage: 1 (max 4)
* * * LOW HITPOINT WARNING * * *
You feel sick.
Your magical contamination has completely faded away.
* * * LOW HITPOINT WARNING * * *
You feel sick.
Damage: 1 (max 4)
You see here a ration.
c - 4 rations (gained 1)
There is a lethal amount of poison in your body!
There is a lethal amount of poison in your body!
There are no items here.
You die...

...##....#.........≈≈..........≈§
#...##...#..........§..........≈.
#.#.##.#.#.......................
#......#.#................§......
..≈≈≈≈...#...............≈#≈.....
.≈≈≈≈≈≈..#######.##+.............
.≈≈≈≈≈≈..# ####................##
.≈≈≈≈≈≈..# #..........### ##.#.
..≈≈≈≈...# #....@.........##.#
.........# #.................#.##
........## #.................#...
#.####.. ####....#.........#.##
.# #....#.........#... .#
#....#.........#...
#....#.........###.
#..).#.........#...
#....#.....'##.#.#.


There were no monsters in sight!

Vanquished Creatures
  A dart slug (D:1)
  3 goblins (D:1)
  A hobgoblin (D:1)
  2 jackals (D:1)
  5 kobolds (D:1)
  2 bats (D:1)
  A frilled lizard (D:1)
  2 rats (D:1)
17 creatures vanquished.

Notes
Turn   | Place    | Note
-------+----------+-------------------------------------------
     0 | D:1      | Gorice the Deep Elf Fire Elementalist began the quest for the Orb.
     0 | D:1      | Reached XP level 1. HP: 10/10 MP: 6/6
   113 | D:1      | Reached skill level 2 in Conjurations
   323 | D:1      | Reached XP level 2. HP: 15/15 MP: 5/8
   331 | D:1      | Learned a level 2 spell: Throw Flame
   730 | D:1      | Reached skill level 3 in Conjurations
   736 | D:1      | HP: 4/15 [poisoned by a kobold]
   742 | D:1      | HP: 2/15 [poisoned by a kobold]
   750 | D:1      | Succumbed to a kobold's poison

Vault maps used:
D:1:      dpeg_arrival_pits, kennysheep_decorative_pillar, serial_park_tiny_1,
          roderic_lattice_a

Skill      XL: |  1  2 |
---------------+-------+-----
Conjurations   | 2 3 |  3.0
Dodging        | |  2.4
Stealth        | |  2.4
Spellcasting   | |  3.0
Fire Magic     | |  3.2

Action                   || total
-------------------------++-------
 Cast: Flame Tongue      ||    32
       Throw Flame       ||     1
Armor: Robe              ||     2
Dodge: Dodged            ||    10

Table legend:
 A = Spawn XP
 B = Non-spawn XP
 C = Spawn XP percentage of total XP
 D = Spawn monster count
 E = Non-spawn monster count
 F = Spawn count percentage of total count
 G = Total turns spent on level
                    A         B        C        D         E        F      G
               +---------+---------+-------+---------+---------+-------+---------
         Total |       0 |      30 |   0.0 |       0 |      17 |   0.0 |   750
               +---------+---------+-------+---------+---------+-------+---------
           D:1 |       0 |      30 |   0.0 |       0 |      17 |   0.0 |   750
               +---------+---------+-------+---------+---------+-------+---------

Table legend:
 A = Turns spent in this place as a percentage of turns spent in the entire game.
 B = Non-inter-level travel turns spent in this place as a percentage of non-inter-level travel turns spent in the entire game.
 C = Inter-level travel turns spent in this place as a percentage of turns spent in this place.
 D = Turns resting spent in this place as a percentage of non-inter-level travel turns spent in this place.
 E = Turns spent auto-exploring this place as a percentage of non-inter-level travel turns spent in this place.
 F = Non-inter-level travel turns spent in this place divided by the number of levels of this place that you've seen.
                   A       B       C       D       E      F
               +-------+-------+-------+-------+-------+----------------------
         Total | 100.0 | 100.0 |   0.0 |  20.1 |  40.4 | 750.0
       Dungeon | 100.0 | 100.0 |   0.0 |  20.1 |  40.4 | 750.0
               +-------+-------+-------+-------+-------+----------------------

Vault maps used:
D:1:      dpeg_arrival_pits, kennysheep_decorative_pillar, serial_park_tiny_1,
          roderic_lattice_a
